Map: Moonlight Madness LE (Void)

Players

wabbajack - Winner!

  • Race: Zerg Zerg
  • League: Gold

Velo

  • Race: Protoss Protoss
  • League: Bronze

VOD

Have the link to the VOD?

Description

Time

  • Played on: July 20, 2015, 11:14 a.m.
  • Length: 6:30
Show
View Real Time Build Order
Export as new Build Order

wabbajack Zerg - Winner!

Build Orders: Hatch First 

Get SALT Encoding   

  12  0:01  Drone  
  13  0:14  Overlord  
  13  0:20  Drone  
  14  0:24  Drone, Extractor  
  15  0:35  Drone  
  16  0:36  Drone  
  17  0:58  Extractor  
  17  0:59  Drone  
  17  1:01  Hatchery  
  16  1:06  Drone  
  16  1:10  Drone  
  18  1:27  Spawning Pool  
  17  1:44  Drone x2  
  17  1:46  Overlord  
  19  1:57  Extractor  
  19  1:59  Drone  
  19  2:14  Queen  
  19  2:15  Metabolic Boost  
  21  2:16  Queen  
  21  2:20  Drone  
  24  2:23  Drone  
  25  2:30  Zergling x2  
  25  2:35  Zergling x4  
  28  2:47  Baneling Nest  
  27  2:54  Pneumatized Carapace  
  27  2:58  Zergling x4  
  29  3:00  Zergling x2  
  29  3:03  Zergling x2  
  31  3:27  Overlord  
  31  3:29  Drone x4  
  35  3:39  Baneling x2  
  35  3:40  Baneling x2  
  32  3:47  Queen  
  32  3:56  Spore Crawler  
  31  4:11  Spore Crawler  
  28  4:21  Queen  
  28  4:49  Drone x5  
  28  4:50  Drone x5  
  38  5:01  Baneling x4  
  38  5:06  Zergling x2  
  40  5:07  Zergling x2  
  40  5:08  Overlord  
  40  5:10  Overlord  
  40  5:16  Lair  
  40  5:17  Evolution Chamber  
  39  5:33  Queen  
  36  5:41  Spore Crawler  
Show
View Real Time Build Order
Export as new Build Order

Velo Protoss 

Build Orders: Oracle Opening 

Get SALT Encoding   

  12  0:11  Pylon  
  12  0:13  Probe  
  14  0:32  Gateway  
  14  0:33  Probe (Chrono Boost)  
  14  0:44  Probe (Chrono Boost)  
  14  0:46  Assimilator  
  15  0:52  Probe  
  16  1:04  Probe (Chrono Boost)  
  16  1:05  Assimilator  
  17  1:21  Cybernetics Core  
  17  1:24  Probe (Chrono Boost)  
  18  1:34  Probe  
  18  1:48  Probe (Chrono Boost)  
  18  1:50  Pylon  
  19  1:55  Zealot  
  21  2:07  Probe  
  22  2:08  Pylon  
  22  2:10  Stargate  
  22  2:20  Probe (Chrono Boost)  
  25  2:31  Mothership Core (Chrono Boost)  
  25  2:46  Probe (Chrono Boost)  
  26  2:53  Oracle (Chrono Boost)  
  26  2:54  Probe (Chrono Boost)  
  30  3:12  Nexus  
  29  3:20  Probe  
  30  3:29  Oracle (Chrono Boost)  
  33  3:36  Warp Gate  
  33  3:37  Probe  
  34  3:41  Zealot  
  36  3:51  Probe  
  37  4:03  Probe  
  37  4:09  Pylon  
  38  4:23  Probe  
  24  4:33  Probe (Chrono Boost)  
  24  4:38  Probe (Chrono Boost)  
  25  4:40  Stalker  
  28  4:46  Probe (Chrono Boost)  
  28  4:51  Probe (Chrono Boost)  
  29  4:56  Probe (Chrono Boost)  
  29  4:59  Probe (Chrono Boost)  
  31  5:04  Probe (Chrono Boost)  
  31  5:06  Probe (Chrono Boost)  
  33  5:13  Forge  
  33  5:16  Gateway  
  33  5:18  Probe (Chrono Boost)  
  35  5:22  Probe (Chrono Boost)  
  35  5:38  Probe  
  33  5:47  Probe  
  33  5:50  Probe  
  34  5:59  Probe  
  34  6:02  Probe  
  36  6:08  Pylon  
  30  6:11  Probe  
  30  6:12  Pylon  
  30  6:14  Probe  
Tags
 
Add a new tag
Caveats
  • Supply blocks, unpowered buildings, or Contaminate may cause inaccurate times.
  • Supply counts are checked every 10 seconds.